 Dungeon Crawl Stone Soup version 0.31-a0-1009-g454b1f1e0a (webtiles) character file.

Game seed: 6390252164934001120

74 Dirtsage the Chopper (level 4, 23/35 HPs)
             Began as a Demonspawn Berserker on Nov 14, 2023.
             Was a Follower of Trog.
             Quit the game on level 3 of the Dungeon.
             The game lasted 00:03:51 (1858 turns).

Dirtsage the Chopper (Demonspawn Berserker)         Turns: 1858, Time: 00:03:51

Health: 23/35      AC:  7    Str: 19    XL:     4   Next: 10%
Magic:  4/4        EV: 11    Int:  9    God:    Trog [*.....]
Gold:   56         SH:  4    Dex: 14    Spells: 3/3 levels left

rFire   . . .        a - +0 hand axe
rCold   . . .        (no shield)
rNeg    . . .        h - +0 ring mail
rPois   .            (no helmet)
rElec   .            (no cloak)
rCorr   +            (no gloves)
SInv    .            i - +1 pair of boots
Will    .....        (no amulet)
Stlth   ++           C - ring of resist corrosion
HPRegen 0.25/turn    (no ring)
MPRegen 0.18/turn

%: no passive effects
@: no status effects
A: thin skeletal structure 1, magic regeneration, condensation shield
a: Renounce Religion, Berserk


You were on level 3 of the Dungeon.
You worshipped Trog.
Trog was aware of your devotion.
You visited 1 branch of the dungeon, and saw 3 of its levels.

You collected 56 gold pieces.

Inventory:

Hand Weapons
 a - a +0 hand axe (weapon)
Missiles
 g - a throwing net
Armour
 b - a +0 animal skin
 h - a +0 ring mail (worn)
 i - a +1 pair of boots (worn)
Jewellery
 C - a ring of resist corrosion (left hand)
Scrolls
 c - a scroll of silence {unknown}
 d - a scroll of identify {unknown}
Potions
 e - 2 potions of mutation {unknown}
 f - a potion of lignification {unknown}
 j - a potion of berserk rage {unknown}


   Skills:
 - Level 3.0 Fighting
 + Level 4.5 Axes
 - Level 1.7 Armour
 - Level 1.7 Dodging


You had 3 spell levels left.
You didn't know any spells.
Your spell library contained the following spells:

 Spells                   Type           Power      Damage    Failure   Level
 Inner Flame              Hex/Fire       0%         N/A       91%         3
 Yara's Violent Unravell  Hex/Tmut       0%         3d3       100%        5
 Enfeeble                 Hex            0%         N/A       100%        7


Dungeon Overview and Level Annotations

Branches:
Dungeon (3/15)

Altars:


Innate Abilities, Weirdness & Mutations

You have a somewhat thin skeletal structure. (Dex +2, Stealth+)
You regenerate magic rapidly.
A meltable shield of frost defends you. (SH +4)


Message History

The goblin is severely wounded.
You hit the adder. The adder bites you but does no damage.
The goblin hits you but does no damage. You block the adder's attack.
You hit the goblin.
You kill the goblin!
Trog accepts your kill.
You hit the adder. The adder bites you but does no damage.
You hit the adder but do no damage.
The adder is moderately wounded.
The adder bites you.
You are poisoned.
The adder poisons you! The adder barely misses you.
You take 2 damage, and have 24/29 hp.
You closely miss the adder.
The adder is moderately wounded.
You feel sick. The adder barely misses you.
You take 2 damage, and have 22/29 hp.
You barely miss the adder.
The adder is moderately wounded.
You feel sick. The adder bites you but does no damage.
You hit the adder.
The adder is moderately wounded.
You feel sick. The adder misses you. The adder bites you but does no damage.
You take 1 damage, and have 21/29 hp.
You hit the adder.
The adder is almost dead.
You feel sick. The adder closely misses you.
You take 1 damage, and have 20/29 hp.
You hit the adder.
You kill the adder!
Trog accepts your kill.
You feel sick.
You are no longer poisoned.
You have reached level 4!
You feel clever.
Your demonic ancestry asserts itself...
Your bones become slightly less dense.
You regained 3 hp, and now have 23/35 hp.
MP restored: 4 Unknown command.
Are you sure you want to abandon this character and quit the game? (Confirm with "yes".)

.... ##.#.####
#.......#
#.......#
#.......#
#.......#
######.......#
......)...<..####
.......@..........
..<..........#####
.................
.........########
.......### ......#
######


There were no monsters in sight!

Vanquished Creatures
  4 adders
  2 worms (D:2)
  3 ball pythons
  A bat (D:1)
  4 endoplasms
  3 giant cockroaches
  2 goblins
  A hobgoblin (D:1)
  3 jackals (D:1)
  2 quokkas
  2 frilled lizards (D:1)
  5 kobolds
  A rat (D:1)
33 creatures vanquished.

Notes
Turn   | Place    | Note
-------+----------+-------------------------------------------
     0 | D:1      | Dirtsage the Demonspawn Berserker began the quest for the
                  | Orb.
     0 | D:1      | Reached XP level 1. HP: 18/18 MP: 1/1
    74 | D:1      | Reached skill level 3 in Axes
   144 | D:1      | Gained mutation: A meltable shield of frost defends you.
                  | (SH +4) [demonic ancestry]
   144 | D:1      | Reached XP level 2. HP: 7/24 MP: 2/2
  1211 | D:2      | Gained mutation: You regenerate magic rapidly. [demonic
                  | ancestry]
  1211 | D:2      | Reached XP level 3. HP: 18/29 MP: 3/3
  1445 | D:2      | Reached skill level 4 in Axes
  1682 | D:2      | Found a faded altar of an unknown god.
  1858 | D:3      | Gained mutation: You have a somewhat thin skeletal
                  | structure. (Dex +2, Stealth+) [demonic ancestry]
  1858 | D:3      | Reached XP level 4. HP: 23/35 MP: 4/4
  1858 | D:3      | Quit the game

Illustrated notes

Levels and vault maps discovered:
D:1:      matt_arrival_spirals, layout_basic
D:2:      layout_basic, basic_ecumenical_altar
D:3:      layout_rooms, ebering_ghost_rock_garden, roderic_roman_lattice,
          minmay_misc_feat_square, uniq_jessica

Skill      XL: |  1  2  3 |
---------------+----------+-----
Axes           | 3 4 |  4.5
Fighting       | |  3.0
Armour         | |  1.7
Dodging        | |  1.7

Action                     |  1- 3 |  4- 6 || total
---------------------------+-------+-------++-------
  Melee: Hand axe          |   139 |       ||   139
         Punch             |     1 |       ||     1
 Invoke: Berserk           |     2 |       ||     2
 Armour: Animal skin       |    44 |       ||    44
         Ring mail         |    27 |       ||    27
  Dodge: Dodged            |    75 |       ||    75
  Block: Other             |    21 |       ||    21

Table legend: (Time is in decaauts)
 A = Elapsed time spent in this place.
 B = Non-inter-level travel time spent in this place.
 C = Inter-level travel time spent in this place.
 D = Time resting spent in this place.
 E = Time spent auto-exploring this place.
 F = Levels seen in this place.
 G = Mean time per level.
                   A        B        C        D        E       F      G
               +--------+--------+--------+--------+--------+-----+--------+
         Total |   1885 |   1739 |    146 |     56 |   1412 |   3 |  628.3 |
       Dungeon |   1885 |   1739 |    146 |     56 |   1412 |   3 |  628.3 |
               +--------+--------+--------+--------+--------+-----+--------+

Top non-repeatable levels by time:
     D:1: 1212 daAuts
     D:2: 650 daAuts
     D:3: 22 daAuts
